Map: 트라이튼 - 래더

Players

Lambo

  • Race: Zerg Zerg
  • Spawn Location: 11:00

sOs - Winner!

  • Race: Protoss Protoss
  • Spawn Location: 5:00

Event: IEM Katowice 2020

VOD

Have the link to the VOD?

Description

Time

  • Played on: Feb. 28, 2020, 12:12 p.m.
  • Length: 11:47

All games in this series

Show
View Real Time Build Order
Export as new Build Order

Lambo Zerg 

Build Orders: Hatch First 

Get SALT Encoding   

  12  0:00  Drone  
  13  0:12  Overlord  
  13  0:17  Drone  
  14  0:31  Drone x2  
  16  0:48  Hatchery  
  15  0:51  Drone  
  15  0:54  Drone  
  17  0:57  Drone  
  18  1:08  Extractor  
  17  1:13  Spawning Pool  
  17  1:16  Drone  
  17  1:19  Drone  
  18  1:29  Drone  
  19  1:39  Drone  
  20  1:50  Overlord  
  20  1:59  Queen  
  20  2:00  Zergling x4, Queen  
  26  2:10  Drone  
  26  2:11  Drone  
  28  2:25  Drone x2  
  30  2:31  Hatchery  
  30  2:35  Pneumatized Carapace  
  29  2:42  Drone  
  29  2:43  Drone x2  
  32  2:45  Overlord  
  32  2:51  Queen  
  32  2:55  Drone  
  35  3:00  Drone  
  36  3:10  Drone x2  
  36  3:11  Overlord  
  38  3:13  Zergling x4  
  38  3:18  Metabolic Boost  
  38  3:19  Zergling x2  
  41  3:23  Drone  
  41  3:26  Drone  
  43  3:27  Spore Crawler  
  43  3:30  Queen  
  43  3:33  Drone  
  45  3:39  Drone x3  
  46  3:42  Drone  
  46  3:47  Drone x3  
  49  3:55  Spore Crawler, Overlord  
  48  3:57  Drone  
  48  4:01  Spore Crawler  
  48  4:09  Drone x4  
  52  4:12  Drone x2  
  52  4:15  Drone  
  55  4:22  Drone x2, Overlord  
  55  4:23  Drone  
  58  4:26  Roach Warren  
  58  4:30  Drone  
  58  4:31  Overlord  
  58  4:33  Drone x2  
  58  4:35  Drone  
  61  4:39  Drone x2  
  61  4:42  Extractor, Overlord  
  61  4:43  Extractor, Drone  
  62  4:46  Drone x2  
  62  4:48  Zergling x2  
  62  4:50  Zergling x4  
  67  4:55  Zergling x2  
  67  4:57  Overlord  
  67  4:58  Lair  
  68  5:00  Overlord  
  68  5:01  Drone  
  68  5:06  Overlord  
  69  5:08  Roach x2  
  69  5:13  Roach x3  
  79  5:16  Roach  
  79  5:18  Roach  
  79  5:20  Roach x2  
  87  5:26  Roach x2  
  89  5:31  Roach  
  89  5:32  Roach  
  89  5:35  Roach  
  87  5:38  Roach  
  87  5:46  Zergling x6  
  88  5:54  Drone x3  
  84  5:57  Drone  
  84  6:03  Drone  
  84  6:08  Drone  
  84  6:10  Drone  
  82  6:16  Drone x3  
  82  6:18  Drone  
  83  6:20  Drone  
  83  6:22  Drone  
  85  6:31  Drone x6  
  91  6:37  Glial Reconstitution, Extractor  
  90  6:40  Roach x2  
  94  6:47  Roach x3  
  94  6:48  Ravager  
  94  6:50  Overlord  
  94  6:53  Roach  
  94  6:54  Roach  
  105  6:58  Roach  
  105  7:00  Overlord  
  107  7:03  Overlord  
  107  7:04  Roach  
  107  7:07  Roach x2  
  113  7:11  Extractor  
  113  7:14  Zergling x10  
  117  7:16  Overlord  
  117  7:19  Ravager  
  117  7:21  Ravager  
  117  7:22  Zergling x8  
  123  7:28  Zergling x4  
  125  7:31  Zergling x4  
  125  7:32  Zergling x6  
  125  7:34  Ravager  
  131  7:37  Overlord  
  131  7:38  Ravager  
  131  7:40  Drone x5  
  136  7:45  Ravager  
  136  7:46  Baneling Nest  
  136  7:48  Drone  
  137  7:57  Drone  
  138  7:58  Evolution Chamber  
  138  8:00  Drone x3  
  138  8:01  Drone  
  138  8:03  Drone  
  138  8:04  Hatchery, Drone  
  142  8:09  Overlord  
  142  8:10  Overlord  
  142  8:15  Extractor  
  142  8:17  Overlord x2  
  137  8:28  Zerg Melee Weapons Level 1  
  137  8:30  Drone  
  137  8:31  Centrifical Hooks  
  137  8:33  Drone x3  
  141  8:34  Zergling x16  
  141  8:38  Zergling x6  
  141  8:41  Ravager x4  
  156  8:43  Zergling x4  
  156  8:46  Zergling x4  
  159  8:51  Zergling x2  
  159  8:53  Ravager x2  
  159  8:54  Zergling x4  
  163  8:58  Zergling x12  
  163  8:59  Ravager  
  170  9:03  Overlord  
  170  9:07  Overlord  
  170  9:08  Overlord  
  169  9:13  Baneling x13  
  169  9:15  Overlord  
  169  9:17  Zergling x6  
  169  9:21  Overlord  
  169  9:23  Zergling x4  
  170  9:26  Baneling x6  
  170  9:28  Baneling  
  170  9:29  Zergling x4  
  170  9:31  Zergling x4  
  172  9:33  Ravager x2  
  172  9:38  Ravager  
  175  9:42  Zergling x18  
  184  9:48  Zergling x6  
  184  9:52  Zergling x6  
  185  9:55  Zergling x2  
  185  9:56  Zergling x8  
  187  10:00  Roach x2  
  187  10:04  Roach  
  187  10:06  Zergling x2, Roach x2  
  188  10:07  Zergling x4  
  188  10:10  Roach  
  177  10:14  Baneling x7  
  177  10:17  Roach x2  
  177  10:20  Roach  
  172  10:22  Roach  
  172  10:24  Baneling x4  
  174  10:28  Zergling x4  
  174  10:29  Ravager  
  174  10:30  Ravager x4  
  174  10:32  Zergling x2  
  178  10:37  Zergling x2  
  178  10:38  Zergling x6  
  182  10:43  Zergling x10  
  182  10:44  Baneling  
  182  10:46  Zergling x2  
  182  10:47  Baneling x4  
  188  10:50  Zergling x2  
  188  10:54  Zergling x4  
  191  10:57  Roach  
  191  11:00  Baneling x7  
  192  11:04  Roach  
  192  11:08  Roach x2  
  192  11:10  Baneling  
  192  11:13  Overlord  
  192  11:14  Zergling x4  
  192  11:16  Zergling x2  
  181  11:19  Zergling x2  
  153  11:27  Roach  
Show
View Real Time Build Order
Export as new Build Order

sOs Protoss - Winner!

Build Orders: 1 Gate Expand, Oracle Opening, Mass Adepts 

Get SALT Encoding   

  12  0:00  Probe  
  13  0:12  Probe  
  14  0:20  Pylon  
  14  0:24  Probe  
  15  0:28  Assimilator  
  15  0:38  Probe (Chrono Boost)  
  16  0:45  Gateway  
  17  0:50  Probe (Chrono Boost)  
  17  0:56  Probe (Chrono Boost)  
  18  1:04  Probe  
  19  1:16  Probe  
  20  1:23  Nexus  
  20  1:33  Cybernetics Core  
  20  1:36  Probe  
  21  1:41  Assimilator  
  21  1:48  Probe  
  21  1:51  Pylon  
  22  2:00  Probe  
  23  2:06  Adept (Chrono Boost)  
  23  2:10  Stargate  
  23  2:14  Probe  
  26  2:18  Warp Gate  
  26  2:27  Probe (Chrono Boost)  
  26  2:29  Adept  
  29  2:36  Probe (Chrono Boost)  
  31  2:44  Probe (Chrono Boost)  
  31  2:45  Probe (Chrono Boost)  
  31  2:50  Probe x2 (Chrono Boost)  
  33  2:51  Oracle (Chrono Boost)  
  37  3:02  Probe x2  
  37  3:04  Pylon  
  39  3:07  Stalker  
  41  3:15  Gateway  
  41  3:16  Probe  
  42  3:23  Twilight Council  
  42  3:31  Probe x2  
  44  3:43  Probe x2  
  46  3:50  Gateway x2  
  46  3:52  Resonating Glaives (Chrono Boost)  
  46  3:55  Probe x2  
  48  3:59  Pylon  
  48  4:07  Probe x2, Adept  
  48  4:08  Adept  
  54  4:11  Assimilator  
  54  4:12  Pylon  
  54  4:14  Assimilator  
  54  4:20  Probe x2, Pylon  
  56  4:29  Adept x2  
  60  4:36  Probe x2  
  60  4:37  Robotics Facility  
  62  4:50  Adept  
  62  4:51  Adept x2  
  68  4:53  Adept  
  71  5:00  Pylon  
  71  5:06  Nexus  
  70  5:11  Adept  
  70  5:12  Adept  
  70  5:14  Probe x2  
  75  5:18  Pylon  
  75  5:19  Sentry  
  78  5:31  Probe  
  78  5:33  Immortal (Chrono Boost)  
  75  5:37  Probe  
  75  5:41  Forge  
  76  5:43  Probe  
  77  5:53  Probe  
  77  5:55  Probe, Sentry x2  
  81  6:01  Immortal  
  79  6:14  Probe x2  
  79  6:16  Gateway  
  79  6:17  Gateway  
  73  6:19  Gateway  
  73  6:21  Probe, Gateway  
  73  6:23  Protoss Ground Weapons Level 1 (Chrono Boost), Sentry x4  
  82  6:25  Pylon, Blink (Chrono Boost)  
  82  6:33  Probe  
  82  6:35  Probe  
  84  6:44  Warp Prism  
  84  6:47  Probe x3  
  88  6:50  Stalker  
  91  6:55  Stalker  
  91  6:56  Stalker  
  95  7:02  Probe  
  95  7:03  Pylon  
  95  7:06  Stalker  
  98  7:17  Stalker x5  
  98  7:22  Pylon  
  109  7:23  Observer  
  109  7:24  Probe  
  109  7:25  Assimilator  
  109  7:27  Assimilator  
  110  7:37  Stalker x3  
  110  7:39  Probe  
  117  7:53  Probe  
  117  7:55  Pylon  
  117  7:57  Protoss Ground Weapons Level 2 (Chrono Boost)  
  118  7:59  Stalker x5  
  118  8:00  Stalker x2  
  132  8:08  Probe, Pylon  
  132  8:10  Pylon  
  133  8:13  Charge (Chrono Boost)  
  133  8:17  Zealot  
  135  8:29  Stalker x4  
  143  8:40  Immortal (Chrono Boost)  
  147  8:43  Probe  
  147  8:45  Pylon  
  147  8:46  Pylon  
  147  8:47  Templar Archives  
  148  8:56  Adept x4  
  156  9:10  Zealot x4  
  156  9:11  Probe  
  165  9:17  Pylon  
  165  9:19  Nexus  
  165  9:27  Photon Cannon  
  165  9:32  High Templar x4  
  165  9:35  Pylon  
  173  9:40  Archon x2  
  173  9:44  Pylon, Zealot x4  
  179  9:57  Probe x3  
  150  10:08  Zealot x6  
  156  10:14  Immortal  
  156  10:20  High Templar x2  
  162  10:25  Probe  
  162  10:26  Probe x2  
  161  10:35  Archon  
  159  10:43  Probe x2  
  159  10:44  Probe x2  
  163  10:52  High Templar x4  
  163  10:55  Probe, Photon Cannon  
  163  10:56  Shield Battery  
  170  10:57  Archon  
  170  10:58  Archon  
  170  11:04  Zealot x4  
  170  11:07  Immortal (Chrono Boost)  
  156  11:25  Zealot x4  
  156  11:26  Zealot x2  
  134  11:36  Zealot x2  
  114  11:46  Zealot x3  

Tags
 
Add a new tag
Caveats
  • Supply blocks, unpowered buildings, or Contaminate may cause inaccurate times.
  • Supply counts are checked every 10 seconds.